 Dungeon Crawl Stone Soup version 0.30-a0-739-gea05faddec (webtiles) character file.

Game seed: 15093063820686730054

427 bande the Chopper (level 6, -2/39 HPs)
             Began as a Gargoyle Fighter on Feb 5, 2023.
             Slain by a bullfrog zombie (4 damage)
             ... in an ossuary.
             The game lasted 00:04:10 (2529 turns).

bande the Chopper (Gargoyle Fighter)                Turns: 2529, Time: 00:04:11

Health: -2/39      AC: 21    Str: 19    XL:     6   Next: 97%
Magic:  6/6        EV: -1    Int:  9    God:
Gold:   135        SH: 14    Dex: 17    Spells: 5/5 levels left

rFire   . . .      SeeInvis +    a - +1 war axe
rCold   . . .      Faith    .    q - +0 tower shield
rNeg    + . .      Spirit   .    j - +0 crystal plate armour
rPois   ∞          Reflect  .    (no helmet)
rElec   +          Harm     .    (no cloak)
rCorr   .          Rampage  .    (no gloves)
Will    .....                    (no boots) Stlth
                                 (no amulet)
HPRegen 0.26/turn                e - ring of see invisible
MPRegen 0.10/turn                f - +6 ring of dexterity

@: mighty
A: sickness immunity, AC +4, negative energy resistance 1, electricity
resistance, torment resistance 1, petrification resistance
a: no special abilities


You were in an ossuary.
You visited 1 branch of the dungeon, and saw 4 of its levels.
You also visited: Ossuary.

You collected 135 gold pieces.

Inventory:

Hand Weapons
 a - a +1 war axe (weapon)
Armour
 j - a +0 crystal plate armour (worn)
 q - a +0 tower shield (worn)
Jewellery
 e - a ring of see invisible (left hand)
 f - a +6 ring of dexterity (right hand)
Scrolls
 h - a scroll of enchant weapon
 i - a scroll of blinking
 m - a scroll of magic mapping
 p - 2 scrolls of identify
Potions
 b - a potion of degeneration {unknown}
 c - 2 potions of magic {unknown}
 k - a potion of haste {unknown}
 n - a potion of lignification {unknown}
 o - a potion of curing {unknown}


   Skills:
 + Level 4.3 Fighting
 + Level 5.0 Axes
 + Level 4.5 Armour
 + Level 4.3 Shields


You had 5 spell levels left.
You didn't know any spells.
Your spell library contained the following spells:

 Spells                   Type           Power      Damage    Failure   Level
 Beastly Appendage        Tmut           0%         N/A       100%        1
 Wereblood                Tmut           0%         N/A       100%        2
 Inner Flame              Hex/Fire       0%         N/A       100%        3
 Spider Form              Tmut/Pois      0%         N/A       100%        3
 Cause Fear               Hex            0%         N/A       100%        4
 Discord                  Hex            0%         N/A       100%        8


Dungeon Overview and Level Annotations

Branches:
Dungeon (4/15)            Ossuary (1/1)
 Temple: D:4-7

Altars:


Innate Abilities, Weirdness & Mutations

You are immune to sickness and miasma.
Your stone body is resilient. (AC +4)
You are immune to poison.
You resist negative energy. (rN+)
You are resistant to electric shocks. (rElec)
You are resistant to unholy torment.
You are immune to petrification.


Message History

You hit the bullfrog zombie but do no damage.
The bullfrog zombie is moderately damaged.
The bullfrog zombie hits you.
* * * LOW HITPOINT WARNING * * *
You block the bullfrog zombie's attack.
You completely miss the bullfrog zombie.
The bullfrog zombie is moderately damaged.
The bullfrog zombie hits you but does no damage.
You block the bullfrog zombie's attack.
You slash the bullfrog zombie!
The bullfrog zombie is severely damaged.
The bullfrog zombie hits you.
* * * LOW HITPOINT WARNING * * *
A bullfrog zombie comes into view.
You block the bullfrog zombie's attack.
You feel very mighty all of a sudden.
The bullfrog zombie hits you but does no damage.
You block the bullfrog zombie's attack.
You slash the bullfrog zombie!
You destroy the bullfrog zombie!
Your Axes skill increases to level 5!
The bullfrog zombie hits you but does no damage.
You slash the bullfrog zombie!
The bullfrog zombie is lightly damaged.
You block the bullfrog zombie's attack.
The bullfrog zombie hits you but does no damage.
You slash the bullfrog zombie!
The bullfrog zombie is heavily damaged.
The bullfrog zombie hits you but does no damage.
You block the bullfrog zombie's attack.
You closely miss the bullfrog zombie.
The bullfrog zombie is heavily damaged.
The bullfrog zombie hits you but does no damage.
You block the bullfrog zombie's attack.
You slash the bullfrog zombie!
The bullfrog zombie is severely damaged.
The bullfrog zombie hits you.
* * * LOW HITPOINT WARNING * * *
The bullfrog zombie hits you.
You die...

'.# #.# '.#
#.# +..
###.#####
#.'Z#..∩#
###@#.∩.#
#.'.#...#
###~##'##+##~
+~~.~~~~~~..
#+#.~.#~#+#.
#P≈P~P~P
####≈#### #≈≈
≈≈#


You could see a bullfrog zombie.

Vanquished Creatures
  3 water moccasin zombies (Ossuary)
  2 bullfrog zombies (Ossuary)
  A jelly (D:4)
  An iguana (D:3)
  4 mummies (Ossuary)
  3 adders
  A gnoll (D:1)
  A dart slug (D:1)
  3 endoplasms
  2 giant cockroaches
  6 goblins
  5 hobgoblins (D:1)
  2 jackals (D:1)
  A quokka (D:3)
  6 ball pythons
  5 bats
  A frilled lizard (D:2)
  5 kobolds
  5 rats
57 creatures vanquished.

Vanquished Creatures (others)
  3 withered plants (Ossuary)
3 creatures vanquished.

Grand Total: 60 creatures vanquished

Notes
Turn   | Place    | Note
-------+----------+-------------------------------------------
     0 | D:1      | bande the Gargoyle Fighter began the quest for the Orb.
     0 | D:1      | Reached XP level 1. HP: 14/14 MP: 1/1
    81 | D:1      | Reached skill level 2 in Axes
    81 | D:1      | Reached XP level 2. HP: 18/19 MP: 2/2
   202 | D:1      | Reached XP level 3. HP: 21/23 MP: 3/3
  2145 | D:3      | Reached XP level 4. HP: 29/29 MP: 4/4
  2168 | D:3      | Reached skill level 3 in Axes
  2361 | D:4      | Reached XP level 5. HP: 29/33 MP: 5/5
  2429 | D:4      | Found a sand-covered staircase.
  2448 | Ossuary  | Entered an ossuary
  2480 | Ossuary  | Reached skill level 4 in Axes
  2482 | Ossuary  | Reached XP level 6. HP: 19/38 MP: 6/6
  2525 | Ossuary  | Reached skill level 5 in Axes
  2529 | Ossuary  | Slain by a bullfrog zombie

Illustrated notes

Levels and vault maps discovered:
D:1:      tarquinn_simple_flora_water_a, layout_basic
D:2:      layout_basic
D:3:      layout_basic, kennysheep_jessica_study
D:4:      layout_cave_pools, chequers_ossuary_entry_cave, kennysheep_orc_chapel
Ossuary:  ossuary_zaba_flooded

Skill      XL: |  1  2  3  4  5  6 |
---------------+-------------------+-----
Axes           | 2 3 4 5 |  5.0
Armour         | 4 |  4.5
Fighting       | 4 |  4.3
Shields        | 4 |  4.3

Action                     |  1- 3 |  4- 6 || total
---------------------------+-------+-------++-------
  Melee: War axe           |    87 |   103 ||   190
    Use: Scroll            |       |     6 ||     6
         Potion            |       |     3 ||     3
 Armour: Scale mail        |    36 |       ||    36
         Crystal plate arm |    18 |    83 ||   101
  Dodge: Dodged            |    36 |     3 ||    39
  Block: Buckler           |    22 |     2 ||    24
         Tower shield      |       |    60 ||    60

Table legend: (Time is in decaauts)
 A = Elapsed time spent in this place.
 B = Non-inter-level travel time spent in this place.
 C = Inter-level travel time spent in this place.
 D = Time resting spent in this place.
 E = Time spent auto-exploring this place.
 F = Levels seen in this place.
 G = Mean time per level.
                   A        B        C        D        E       F      G
               +--------+--------+--------+--------+--------+-----+--------+
         Total |   2627 |   2363 |    264 |      0 |   1765 |   5 |  525.4 |
       Dungeon |   2499 |   2235 |    264 |      0 |   1761 |   4 |  624.8 |
       Ossuary |    128 |    128 |      0 |      0 |      4 |   1 |  128.0 |
               +--------+--------+--------+--------+--------+-----+--------+

Top non-repeatable levels by time:
     D:1: 1327 daAuts
     D:2: 832 daAuts
     D:3: 213 daAuts
 Ossuary: 128 daAuts
     D:4: 125 daAuts
